 Dungeon Crawl Stone Soup version 0.30.2 (webtiles) character file.

Game seed: 5808296603084393462

79 porpoise the Caller (level 4, -1/24 HPs)
             Began as a Tengu Summoner on Feb 14, 2024.
             Slain by a kobold
             ... wielding a +0 whip
              (5 damage)
             ... on level 3 of the Dungeon.
             The game lasted 00:05:25 (2232 turns).

porpoise the Caller (Tengu Summoner)                Turns: 2232, Time: 00:05:26

Health: -1/24      AC:  2    Str:  8    XL:     4   Next: 38%
Magic:  3/9        EV: 12    Int: 18    God:
Gold:   101        SH:  0    Dex: 14    Spells: 3/9 levels left

rFire   . . .        a - +3 mace
rCold   . . .        (no shield)
rNeg    . . .        f - +0 robe
rPois   .            (helmet restricted)
rElec   .            (no cloak)
rCorr   .            (no gloves)
SInv    .            (boots unavailable)
Will    .....        (no amulet)
Stlth   ++           (no ring)
HPRegen 0.24/turn    (no ring)
MPRegen 0.11/turn

%: no passive effects
@: lethally poisoned (-1 -> -3)
A: beak, talons 3
a: no special abilities


You were on level 3 of the Dungeon.
You visited 1 branch of the dungeon, and saw 3 of its levels.

You collected 101 gold pieces.

Inventory:

Hand Weapons
 a - a +3 mace (weapon)
Missiles
 d - 6 poisoned darts
 p - 6 atropa-tipped darts
Armour
 f - a +0 robe (worn)
Scrolls
 c - a scroll of silence {unknown}
 e - a scroll of magic mapping {unknown}
 h - a scroll of vulnerability {unknown}
 k - a scroll of fear {unknown}
 l - a scroll of amnesia {unknown}
 m - a scroll of blinking {unknown}
 o - a scroll of noise {unknown}
Potions
 b - a potion of magic
 g - a potion of curing {unknown}
 i - a potion of resistance {unknown}
 j - 2 potions of lignification {unknown}
 n - a potion of cancellation {unknown}


   Skills:
 - Level 2.1 Dodging
 - Level 2.0 Stealth
 + Level 3.2 Spellcasting
 + Level 6.0 Summonings


You had 3 spell levels left.
You knew the following spells:

 Your Spells              Type           Power      Damage    Failure   Level
a - Summon Small Mammal   Summ           96%        N/A       1%          1
b - Call Imp              Summ           48%        N/A       1%          2
c - Call Canine Familiar  Summ           24%        N/A       4%          3

Your spell library contained the following spells:

 Spells                   Type           Power      Damage    Failure   Level
 Summon Guardian Golem    Hex/Summ       13%        N/A       14%         3
 Poisonous Vapours        Pois/Air       4%         N/A       24%         2
 Mephitic Cloud           Conj/Pois/Air  2%         N/A       43%         3
 Summon Lightning Spire   Summ/Air       13%        N/A       43%         4
 Freezing Cloud           Conj/Ice/Air   1%         6-21      99%         5


Dungeon Overview and Level Annotations

Branches:
Dungeon (3/15)

Altars:


Innate Abilities, Weirdness & Mutations

You have a beak for a mouth.
You have claws for feet.


Message History

Your quokka's corpse disappears in a puff of smoke!
Your quokka barely misses the ball python.
Casting: Call Imp (safe; 1% risk of failure)
Confirm with . or Enter, or press ? or * to list all spells.
The spell is quite dangerous to miscast (4% risk of failure)!
Continue anyway?
Okay, then.
Casting: Call Canine Familiar (quite dangerous; 4% risk of failure)
Confirm with . or Enter, or press ? or * to list all spells.
The spell is quite dangerous to miscast (4% risk of failure)!
Continue anyway?
The kobold hits you with a +0 whip. The rat bites your quokka.
The adder closely misses you.
The ball python bites you but does no damage.
The ball python grabs you. The ball python constricts you.
Your cerulean imp hits the bat but does no damage.
Unknown command.
You escape the ball python's grasp.
Your quokka barely misses the ball python.
The adder closely misses you.
Your hound bites the ball python.
The ball python dies!
The kobold barely misses you. The bat hits you but does no damage.
Your cerulean imp hits the kobold but does no damage.
Your Summonings skill increases to level 6!
You closely miss the adder. The bat hits you but does no damage.
Your quokka bites the kobold.
The adder barely misses you. The kobold hits you with a +0 whip.
Your quokka barely misses the kobold.
The adder bites you.
You are poisoned.
The adder poisons you!
Your cerulean imp misses the bat.
You closely miss the adder. You claw the adder.
The adder is moderately wounded.
You feel sick.
Your hound completely misses the bat.
The adder bites you. The rat misses you.
Your quokka bites the kobold but does no damage.
The kobold hits you with a +0 whip.
* * * LOW HITPOINT WARNING * * *
Your cerulean imp hits the bat from afar with a -2 spear.
Your hound completely misses the bat.
The adder bites you.
* * * LOW HITPOINT WARNING * * *
The rat completely misses you. The kobold hits you with a +0 whip.
You die...

#.. ####....##.# ..
#..## ####.##.#
...#.(.# ###...##.#
?..#...#
##.....##.#
...!.###......##.#
#....##..###.##.#
#.bhr#...# #.#
..####rSK.#...##..#
.......@.5........#
###################


You could see an adder (ally target), a bat (ally target), a kobold, a rat, a
friendly hound (summoned), a friendly cerulean imp (summoned) and a friendly
quokka (summoned).

Vanquished Creatures
  An adder (D:2)
  A dart slug (D:2)
  2 endoplasms
  2 giant cockroaches (D:2)
  5 goblins
  4 hobgoblins
  2 jackals (D:1)
  3 quokkas
  5 ball pythons
  2 bats
  3 kobolds
  7 rats
37 creatures vanquished.

Vanquished Creatures (collateral kills)
  An adder (D:2)
  A dart slug (D:2)
  3 endoplasms
  A hobgoblin (D:1)
  A jackal (D:1)
  A quokka (D:1)
  2 ball pythons
  A bat (D:1)
  A frilled lizard (D:2)
  3 goblins
  A kobold (D:1)
  A rat (D:1)
17 creatures vanquished.

Grand Total: 54 creatures vanquished

Notes
Turn   | Place    | Note
-------+----------+-------------------------------------------
     0 | D:1      | porpoise the Tengu Summoner began the quest for the Orb.
     0 | D:1      | Reached XP level 1. HP: 10/10 MP: 4/4
   199 | D:1      | Reached skill level 5 in Summonings
   331 | D:1      | Reached XP level 2. HP: 10/15 MP: 4/6
   601 | D:1      | Learned a level 2 spell: Call Imp
   632 | D:1      | Reached XP level 3. HP: 13/19 MP: 3/7
   673 | D:1      | Found a faded altar of an unknown god.
  1685 | D:2      | Reached XP level 4. HP: 24/24 MP: 9/9
  1910 | D:2      | Learned a level 3 spell: Call Canine Familiar
  2231 | D:3      | Reached skill level 6 in Summonings
  2232 | D:3      | Slain by a kobold

Illustrated notes

Levels and vault maps discovered:
D:1:      scummos_arrival_forest, layout_basic,
          nicolae_ecumenical_snake_handling, minmay_misc_feat_diagonals,
          minmay_misc_feat_room
D:2:      layout_basic
D:3:      minmay_recursive_quarters, layout_loops_ring, vehumet_statue,
          mainiacjoe_overflow_six_doors_small

Skill      XL: |  1  2  3  4 |
---------------+-------------+-----
Summonings     | 5 6 |  6.0
Spellcasting   | 3 |  3.2
Dodging        | |  2.1
Stealth        | |  2.0

Action                     |  1- 3 |  4- 6 || total
---------------------------+-------+-------++-------
  Melee: Unarmed           |     4 |       ||     4
         Mace              |    53 |    17 ||    70
         Peck              |     5 |     2 ||     7
         Kick              |    13 |     3 ||    16
   Cast: Summon Small Mamm |    46 |    11 ||    57
         Call Imp          |       |     2 ||     2
         Call Canine Famil |       |     1 ||     1
   Stab: Sleeping          |       |     1 ||     1
 Armour: Robe              |    13 |     5 ||    18
  Dodge: Dodged            |    42 |    24 ||    66
